 Dungeon Crawl Stone Soup version 0.19.3-1-g3169bf9 (webtiles) character file.

224 Alarkh the Chopper (level 5, 0/41 HPs)
             Began as a Demonspawn Monk on Jan 26, 2017.
             Slain by a jelly (1 damage)
             ... on level 5 of the Dungeon.
             The game lasted 00:05:07 (4302 turns).

Alarkh the Chopper (Demonspawn Monk)                Turns: 4302, Time: 00:05:07

Health: 0/41       AC: -8    Str: 10 (11) XL:     5   Next: 67%
Magic:  5/5        EV:  9    Int:  9 (12) God:
Gold:   144        SH:  0    Dex: 13 (16) Spells: 0 memorised, 4 levels left

rFire  . . .     SeeInvis .     a - +0 hand axe
rCold  + . .     Gourm    .     d - +2 scale mail {rC+}
rNeg   . . .     Faith    .     (no shield)
rPois  +         Spirit   .     q - +2 helmet
rElec  .         Reflect  .     j - +0 cloak
rCorr  .         Harm     .     (no gloves)
MR     .....                    (no boots)
Stlth  ..........               w - amulet of magic regeneration
                                (no ring)
                                v - ring of poison resistance

@: corroded
A: rot immunity
a: no special abilities


You were on level 5 of the Dungeon.
You were not hungry.

You visited 1 branch of the dungeon, and saw 5 of its levels.
You also visited: Ossuary.

You collected 144 gold pieces.

Inventory:

Hand Weapons
 a - a +0 hand axe (weapon)
Armour
 b - a +0 robe
 d - a +2 scale mail of cold resistance (worn)
 j - a +0 cloak (worn)
 q - a +2 helmet (worn)
Jewellery
 v - a ring of poison resistance (left hand)
 w - an amulet of magic regeneration (around neck)
Scrolls
 e - 3 scrolls of identify
 g - 2 scrolls of fog {unknown}
 h - a scroll of teleportation
 k - a scroll of noise
 l - 2 scrolls of blinking
 m - a scroll of acquirement {unknown}
 n - a scroll of fear
 r - 5 scrolls of remove curse {unknown}
 s - a scroll of amnesia
Potions
 f - 2 potions of brilliance
 i - a potion of cure mutation
 o - 3 potions of flight
 p - 2 potions of curing
Comestibles
 c - 2 bread rations


   Skills:
 - Level 3.0 Fighting
 + Level 5.9 Axes
 - Level 2.6 Dodging
 - Level 1.7 Stealth


You had 4 spell levels left.
You didn't know any spells.

Dungeon Overview and Level Annotations

Branches:
Dungeon (5/15)
 Temple: D:4-7

Altars:

Annotations:
D:4 Alarkh's ghost, amateur DsMo; Blork the orc; Dowan; Duvessa


Innate Abilities, Weirdness & Mutations

You are immune to rotting.


Message History

Keep eating? [Y]es or [N]o only, please.
Keep eating?
You continue eating.
The jelly barely misses you.
You continue eating.
The jelly hits you.
* * * LOW HITPOINT WARNING * * *
The acid corrodes you!
You are splashed with acid!
The acid burns!
* * * LOW HITPOINT WARNING * * *
You finish eating.
That bread ration really hit the spot!
You aren't carrying any items that you can evoke.
Okay, then.
There is a stone staircase leading up here.
Okay, then.
You hit the jelly. The acid corrodes you!
Your hands burn!
* * * LOW HITPOINT WARNING * * *
The jelly is heavily wounded.
The jelly hits you.
You die...

#...............########
#........$.............#
#........#############.#
#..$.....# #.#
#........# #.#
#........# #.#
########## #.#
########.# #@J......#
##########


You could see a jelly.

Vanquished Creatures
  An orc priest (D:3)
  An orc wizard (D:3)
  A worker ant (D:4)
  A mummy (Ossuary)
  3 adders (D:2)
  4 worms
  3 leopard geckos
  6 orcs
  7 bats
  5 giant cockroaches
  4 goblins
  6 hobgoblins
  2 jackals (D:3)
  6 kobolds
  A quokka (D:2)
  3 ball pythons
  3 frilled lizards
  6 gnoll skeletons (Ossuary)
  A goblin zombie (D:4)
  7 kobold skeletons (Ossuary)
  12 orc skeletons (Ossuary)
  A quokka zombie (D:4)
  10 rats
94 creatures vanquished.

Notes
Turn   | Place    | Note
-------+----------+-------------------------------------------
     0 | D:1      | Alarkh the Demonspawn Monk began the quest for the Orb.
     0 | D:1      | Reached XP level 1. HP: 18/18 MP: 1/1
    36 | D:1      | Reached skill level 3 in Axes
   319 | D:1      | Gained mutation: You are immune to rotting. [demonic ancestry]
   319 | D:1      | Reached XP level 2. HP: 23/24 MP: 2/2
  1539 | D:2      | Reached XP level 3. HP: 3/29 MP: 3/3
  1863 | D:2      | Reached skill level 4 in Axes
  2288 | D:2      | Reached XP level 4. HP: 25/35 MP: 4/4
  2997 | D:3      | Reached skill level 5 in Axes
  3063 | D:3      | Reached XP level 5. HP: 31/41 MP: 5/5
  3561 | D:4      | Noticed Alarkh's ghost (amateur DsMo)
  3564 | D:4      | Noticed an ogre
  3566 | D:4      | Noticed Duvessa
  3568 | D:4      | Noticed Dowan
  3580 | D:4      | Found a sand-covered staircase.
  3587 | Ossuary  | Entered an ossuary
  3587 | Ossuary  | Noticed a wraith
  3587 | Ossuary  | Noticed a wraith
  3587 | Ossuary  | Noticed a wraith
  3917 | Ossuary  | Noticed a wraith
  4150 | D:4      | Noticed Blork the orc
  4238 | D:5      | Entered Level 5 of the Dungeon
  4302 | D:5      | HP: 1/41 [acid (5)]
  4302 | D:5      | Slain by a jelly

Skill      XL: |  1  2  3  4 |
---------------+-------------+-----
Axes           | 3 4 5 |  5.9
Fighting       | |  3.0
Dodging        | |  2.6
Stealth        | |  1.7

Action                   |  1- 3 |  4- 6 || total
-------------------------+-------+-------++-------
Melee: Hand axe          |   196 |   205 ||   401
  Use: Scroll            |     1 |     9 ||    10
       Potion            |       |     5 ||     5
 Stab: Sleeping          |     1 |       ||     1
  Eat: Chunk             |     5 |     4 ||     9
       Bread ration      |       |     1 ||     1
Armor: Robe              |    13 |       ||    13
       Scale mail        |    50 |   131 ||   181
       Skin              |       |     3 ||     3
Dodge: Dodged            |   122 |   116 ||   238
